 Dungeon Crawl Stone Soup version 0.22-a0-377-g846bec1 (webtiles) character file.

26891 Kairos the Cleaver (level 13, -2/69 HPs)
             Began as a Vine Stalker Fighter on Apr 27, 2018.
             Was an Initiate of Gozag.
             Slain by a blink frog (8 damage)
             ... on level 4 of the Lair of Beasts.
             The game lasted 00:33:48 (11189 turns).

Kairos the Cleaver (Vine Stalker Fighter)          Turns: 11189, Time: 00:33:49

Health: -2/69      AC: 16    Str: 22    XL:     13   Next: 28%
Magic:  0/23       EV:  9    Int:  8    God:    Gozag
Gold:   918        SH: 13    Dex: 16    Spells: 6/12 levels left

rFire    . . .     SeeInvis .   a - +4 war axe
rCold    . . .     Gourm    +   c - +1 shield
rNeg     . . .     Faith    .   p - +2 chain mail {MR+}
rPois    +         Spirit   +   r - +2 helmet
rElec    .         Reflect  .   (no cloak)
rCorr    .         Harm     .   (no gloves)
MR       ++...                  (no boots)
Stlth    ..........             o - amulet of the gourmand
HPRegen  1.01/turn              I - ring "Jyddos" {+Fly rPois}
MPRegen  0.18/turn              u - ring of magical power

@: lethally poisoned (-2 -> -3), gold aura
A: fangs 3, regeneration 2, magic shield, antimagic bite, no potion heal 3, rot
immunity
a: Potion Petition, Call Merchant, Bribe Branch, Renounce Religion, Evoke Flight


You were on level 4 of the Lair of Beasts.
You worshipped Gozag.
Gozag was pleased with you.
You were not hungry.

You visited 2 branches of the dungeon, and saw 15 of its levels.

You collected 2952 gold pieces.
You spent 364 gold pieces at shops.
You paid 1670 gold pieces to Gozag.

Inventory:

Hand Weapons
 a - a +4 war axe (weapon)
 y - a +0 morningstar
Missiles
 m - 5 javelins of penetration (quivered)
Armour
 c - a +1 shield (worn)
 p - a +2 chain mail of magic resistance (worn)
 r - a +2 helmet (worn)
Jewellery
 h - an uncursed ring of wizardry
 o - an amulet of the gourmand (around neck)
 u - a ring of magical power (right hand)
 I - the ring "Jyddos" (left hand) {+Fly rPois}
   (You found it on level 2 of the Lair of Beasts)

   [ring of flight]

   It protects you from poison.
   It lets you fly.
Wands
 b - a wand of enslavement (8)
 j - a wand of polymorph (6)
 s - a wand of disintegration (6)
 t - a wand of paralysis (14)
 J - a wand of flame (26)
Scrolls
 g - 7 scrolls of teleportation
 i - 2 scrolls of blinking {unknown}
 k - 6 scrolls of magic mapping
 l - 8 scrolls of remove curse
 q - 3 scrolls of immolation
 w - a scroll of identify
 x - 2 scrolls of summoning {unknown}
 A - 3 scrolls of enchant weapon
 B - a scroll of fear
 F - 2 scrolls of amnesia {unknown}
 G - a scroll of enchant armour
 H - a scroll of silence {unknown}
 K - 2 scrolls of brand weapon {unknown}
Potions
 d - a potion of agility
 e - 4 potions of curing
 n - a potion of magic
 v - 2 potions of cancellation {unknown}
 z - a potion of haste
 C - a potion of flight
 D - 2 potions of ambrosia
 E - 2 potions of mutation {unknown}
Comestibles
 f - 21 rations


   Skills:
 + Level 8.5 Fighting
 + Level 12.9(13.0) Axes
 + Level 2.7(9.0) Maces & Flails
 + Level 8.1 Armour
 + Level 3.7 Dodging
 + Level 3.3 Stealth
 + Level 9.3 Shields
 + Level 0.9 Evocations


You had 6 spell levels left.
You knew the following spells:

 Your Spells              Type           Power        Failure   Level  Hunger
a - Blink                 Tloc           N/A          100%        2    ###....
b - Slow                  Hex            #.......     100%        2    ###....
c - Call Imp              Summ           #.......     100%        2    ###....


Dungeon Overview and Level Annotations

Branches:
Dungeon (10/15)            Temple (0/1) D:5            Lair (5/6) D:10
 Shoals (0/4) Lair:2       Spider (0/4) Lair:3
  Slime: Lair:5-6       Orc: D:9-12

Altars:
Ashenzari
Dithmenos
Fedhas
Gozag
Hepliaklqana
Kikubaaqudgha
Qazlal
Ru
Trog
Xom

Shops:
D:7 ?   Lair:1 ?   Lair:3 (

Annotations:
Lair:4 Snorg


Innate Abilities, Weirdness & Mutations

You have razor-sharp teeth.
You heal very quickly.
When hurt, damage is shared between your health and your magic reserves.
Your bite disrupts and absorbs the magic of your enemies.
Potions cannot restore your health.
You are immune to rotting.


Message History

You feel sick.
You see here 5 gold pieces.
You feel sick. The blink frog hits you!
* * * LOW HITPOINT WARNING * * *
The blink frog blinks!
You block the spiny frog's attack.
There is a stone staircase leading up, spattered with blood here.
You feel sick. The blink frog barely misses you.
You block the blink frog's attack.
The porcupine bites you but does no damage.
You climb upwards.
Level annotation: Snorg You feel sick.
There is a stone staircase leading down here.
You slash the blink frog! Your bite misses the blink frog.
The blink frog is severely wounded.
You hit the spiny frog. You slash the porcupine!
The spiny frog stings you but does no damage.
The blink frog hits you!
You die...
Your body crumbles into a pile of gold.

#### ########## ### ###
###P.#####PPP#..#.###.###.#######
...P.............................
.........................[.......
.....#.P#.....#####.#..#.........
...#...##....## #P#.###.....P#P+P
..##....#....# ##...####...####..
..#.....#....# #F.....##....#.#.#
...#.........###@F.(.###...##....
.......##.....##r....# #....#....
..P######P....#####..# #....##.##
.....###P.<..#######.###...####.#
.............P##..##+.#......#.##
.................................
.............................(...
.................................
..........................#.#...#


You could see a spiny frog, a blink frog and a porcupine.

Vanquished Creatures
  5 hydras
  2 two-headed ogres
  A wolf spider (Lair:3)
  2 manticores (D:10)
  5 elephants (Lair:4)
  4 black mambas
  A merfolk siren (Lair:2)
  Maurice (D:8)
  4 spiny frogs
  3 komodo dragons
  2 trolls
  Grinder (D:5)
  6 blink frogs
  3 polar bears (D:10)
  7 dream sheep
  6 hippogriffs
  The ghost of zero the Magician, an amateur DEFE (D:4)
  15 yaks
  A wyvern (D:10)
  A hog (D:10)
  4 basilisks (Lair:3)
  2 hungry ghosts
  5 water moccasins
  The ghost of Kairos the Sneak, an amateur VSAs (D:3)
  6 porcupines
  6 black bears
  4 orc warriors
  2 ice beasts
  2 sky beasts
  A necrophage (D:8)
  2 phantoms
  3 ogres
  2 centaurs (D:5)
  4 wolves (Lair:4)
  6 crocodiles
  Blork the orc (D:6)
  2 big kobolds (D:10)
  15 bullfrogs
  A water moccasin zombie (D:5)
  9 scorpions
  4 wights (D:6)
  3 electric eels (D:7)
  4 howler monkeys
  3 crimson imps
  A quasit (D:9)
  A bullfrog zombie (D:4)
  4 hounds
  3 jellies
  2 bullfrog skeletons
  2 orc priests
  2 centaur skeletons
  4 iguanas
  10 orc wizards
  Jessica (D:2)
  Natasha (thrice) (D:2)
  5 worker ants
  A killer bee zombie (D:9)
  A hound zombie (D:6)
  A hound skeleton (D:4)
  3 gnolls (D:6)
  8 adders
  3 shadow imps
  5 oozes
  An adder skeleton (D:9)
  6 worms
  2 dart slugs
  5 leopard geckos
  20 orcs
  14 bats
  7 giant cockroaches
  7 hobgoblins
  14 jackals
  6 kobolds
  7 quokkas
  A ball python (D:5)
  3 frilled lizards
  8 goblins
  A jackal skeleton (D:5)
  2 leopard gecko skeletons
  5 rats
  2 butterflies (Lair:3)
  A fungus (Lair:3)
335 creatures vanquished.

Vanquished Creatures (others)
  2 fungi
  3 plants
5 creatures vanquished.

Grand Total: 340 creatures vanquished

Notes
Turn   | Place    | Note
-------+----------+-------------------------------------------
     0 | D:1      | Kairos the Vine Stalker Fighter began the quest for the Orb.
     0 | D:1      | Reached XP level 1. HP: 11/11 MP: 2/2
    89 | D:1      | Reached XP level 2. HP: 15/16 MP: 3/3
   124 | D:1      | Reached skill level 2 in Axes
   288 | D:1      | Reached XP level 3. HP: 15/19 MP: 4/4
   860 | D:2      | Gained mutation: Your natural rate of healing is unusually fast. [Vine Stalker growth]
   860 | D:2      | Reached XP level 4. HP: 7/24 MP: 0/5
   910 | D:2      | Noticed Natasha
   919 | D:2      | Killed Natasha
   919 | D:2      | Reached skill level 3 in Axes
   990 | D:2      | Found a sacrificial altar of Ru.
  1061 | D:2      | Noticed Natasha
  1066 | D:2      | Killed Natasha
  1066 | D:2      | Reached XP level 5. HP: 22/28 MP: 6/6
  1084 | D:2      | Noticed Natasha
  1095 | D:2      | Killed Natasha
  1248 | D:2      | Found a bloodstained altar of Trog.
  1248 | D:2      | Noticed Jessica
  1252 | D:2      | Killed Jessica
  1302 | D:3      | Found an opulent altar of Gozag.
  1376 | D:3      | Noticed Kairos's ghost (amateur VSAs)
  1417 | D:3      | Killed Kairos's ghost
  1417 | D:3      | Reached XP level 6. HP: 32/32 MP: 7/7
  1780 | D:3      | Found a shadowy altar of Dithmenos.
  1879 | D:3      | Became a worshipper of Gozag Ym Sagoz the Greedy
  2036 | D:4      | Reached skill level 4 in Axes
  2144 | D:4      | Noticed a phantom
  2171 | D:4      | Killed a phantom
  2171 | D:4      | Reached skill level 1 in Dodging
  2171 | D:4      | Reached XP level 7. HP: 36/36 MP: 8/8
  2341 | D:4      | Noticed zero's ghost (amateur DEFE)
  2579 | D:4      | Killed zero's ghost
  2667 | D:4      | Found a shimmering altar of Xom.
  2744 | D:5      | Entered Level 5 of the Dungeon
  2788 | D:5      | Reached skill level 5 in Shields
  2822 | D:5      | Reached skill level 5 in Axes
  2822 | D:5      | Gained mutation: You have razor-sharp teeth. [Vine Stalker growth]
  2822 | D:5      | Reached XP level 8. HP: 38/41 MP: 9/9
  2832 | D:5      | Found a staircase to the Ecumenical Temple.
  2929 | D:5      | Noticed Grinder
  3047 | D:5      | Paralysed by Grinder for 4 turns
  3055 | D:5      | Killed Grinder
  3055 | D:5      | Reached skill level 6 in Axes
  3467 | D:6      | Reached XP level 9. HP: 46/46 MP: 10/10
  3540 | D:6      | Noticed Blork the orc
  3558 | D:6      | Killed Blork the orc
  3558 | D:6      | Reached skill level 7 in Axes
  4388 | D:7      | Found a stormy altar of Qazlal.
  4460 | D:7      | Found Gowimi's Magic Scroll Shoppe.
  4473 | D:7      | Reached skill level 8 in Axes
  4481 | D:7      | Bought a scroll of enchant weapon for 105 gold pieces
  4552 | D:7      | Found a shadowy altar of Dithmenos.
  4688 | D:7      | Reached skill level 5 in Armour
  4730 | D:7      | Found a blossoming altar of Fedhas.
  4896 | D:7      | Reached skill level 5 in Fighting
  5088 | D:7      | Bought a scroll of fear for 49 gold pieces
  5088 | D:7      | Bought a scroll of enchant weapon for 105 gold pieces
  5088 | D:7      | Bought a scroll of enchant weapon for 105 gold pieces
  5142 | D:8      | Noticed Maurice
  5156 | D:8      | Killed Maurice
  5156 | D:8      | Reached XP level 10. HP: 40/51 MP: 11/11
  5389 | D:8      | Noticed a two-headed ogre
  5398 | D:8      | Killed a two-headed ogre
  5398 | D:8      | Reached skill level 9 in Axes
  5808 | D:8      | Found a hazy altar of Hepliaklqana.
  5829 | D:8      | Found an ancient bone altar of Kikubaaqudgha.
  6026 | D:9      | Noticed a two-headed ogre
  6034 | D:9      | Killed a two-headed ogre
  6112 | D:9      | Learned a level 2 spell: Blink
  6115 | D:9      | Learned a level 2 spell: Slow
  6118 | D:9      | Learned a level 2 spell: Call Imp
  6287 | D:9      | Reached skill level 10 in Axes
  6289 | D:9      | Noticed a two-headed ogre
  6821 | D:10     | Entered Level 10 of the Dungeon
  6903 | D:10     | Reached XP level 11. HP: 56/56 MP: 12/12
  6959 | D:10     | Found a huge runed gate.
  6961 | D:10     | Found a huge runed gate.
  6961 | D:10     | Noticed a manticore
  6962 | D:10     | Found a huge runed gate.
  6963 | D:10     | Found a huge runed gate.
  6963 | D:10     | Noticed a manticore
  7391 | D:10     | Found a staircase to the Lair.
  7561 | D:10     | Killed a manticore
  7589 | D:10     | Killed a manticore
  7589 | D:10     | Reached skill level 11 in Axes
  7669 | Lair:1   | Entered Level 1 of the Lair of Beasts
  7701 | Lair:1   | Noticed a five-headed hydra
  7709 | Lair:1   | Killed a five-headed hydra
  7915 | Lair:1   | Reached skill level 1 in Maces & Flails
  7915 | Lair:1   | Gained mutation: You heal very quickly. [Vine Stalker growth]
  7915 | Lair:1   | Reached XP level 12. HP: 52/62 MP: 13/13
  8577 | Lair:2   | Noticed a four-headed hydra
  8587 | Lair:2   | Killed a four-headed hydra
  8587 | Lair:2   | Reached skill level 1 in Stealth
  8615 | Lair:2   | Got a bound jade ring
  8617 | Lair:2   | Identified the ring "Jyddos" {+Fly rPois} (You found it on level 2 of the Lair of Beasts)
  8707 | Lair:2   | Noticed a four-headed hydra
  8718 | Lair:2   | Killed a four-headed hydra
  9062 | Lair:2   | Found a staircase to the Shoals.
  9178 | Lair:3   | Reached skill level 12 in Axes
  9194 | Lair:3   | Noticed a six-headed hydra
  9419 | Lair:3   | Killed a six-headed hydra
  9568 | Lair:3   | Found a hole to the Spider Nest.
 10001 | Lair:4   | Found a shattered altar of Ashenzari.
 10019 | Lair:4   | Noticed a four-headed hydra
 10028 | Lair:4   | Killed a four-headed hydra
 10398 | Lair:4   | Reached XP level 13. HP: 42/68 MP: 14/14
 10855 | Lair:5   | Noticed Snorg
 10867 | Lair:5   | HP: 3/69 [Snorg (3)]
 10867 | Lair:5   | HP: 1/69 [Snorg (2)]
 11189 | Lair:4   | Slain by a blink frog

Vault maps used:
D:1:      dpeg_arrival_concentric_ovals
D:2:      old_standard_altar, lightli_temple_of_fire, grunt_ministairs_9,
          uniq_jessica, uniq_natasha
D:3:      marbit_many_paths, lemuel_crystal_altar
D:4:      kennysheep_mini_moat
D:5:      temple_hall, first_ration, uniq_grinder
D:6:      kennysheep_generic_room_5, uniq_blork_the_orc
D:7:      fedhas_altar_3, grunt_qazlal_sundering, serial_bayou,
          serial_bayou_pond_d, serial_bayou_pond_e, serial_bayou_shore_a,
          serial_bayou_lagoon_b, serial_shops, shop, basic_altar
D:8:      minitemple, uniq_maurice
D:10:     lemuel_bear_cage, grunt_lair_entry_orc_guard_hut
Lair:1:   lemuel_fruit_tree
Lair:2:   cheibrodos_lair_river_kwai, elwin_shoals_entry_rooms,
          infiniplex_staircase_pool
Lair:3:   spider_nest_entry_rubble, kennysheep_basilisk_garden,
          lemuel_fruit_fields, lemuel_fruit_fields
Lair:4:   basic_altar
Lair:5:   grunt_megastairs_1, serial_bayou_shore_b, lemuel_fruit_fields,
          uniq_snorg

Skill      XL: |  1  2  3  4  5  6  7  8  9 10 11 12 13 |
---------------+----------------------------------------+-----
Axes           | 2 3 4 5 6 8 10 11 12 | 12.9
Shields        | 3 4 5 6 7 8 9 |  9.3
Fighting       | 3 4 5 6 8 |  8.5
Armour         | 3 4 5 6 7 8 |  8.1
Dodging        | 1 2 3 |  3.7
Maces & Flails | 1 2 |  2.7
Stealth        | 2 3 |  3.3
Evocations     | |  0.9

Action                   |  1- 3 |  4- 6 |  7- 9 | 10-12 | 13-15 || total
-------------------------+-------+-------+-------+-------+-------++-------
Melee: War axe           |    23 |    25 |   338 |   500 |   112 ||   998
       Bite              |    15 |    46 |   103 |   195 |    46 ||   405
       Hand axe          |    49 |   162 |       |       |       ||   211
       Morningstar       |       |       |       |    29 |       ||    29
Invok: Call Merchant     |       |       |       |     2 |       ||     2
       Potion Petition   |       |       |       |     1 |       ||     1
Evoke: Wand              |       |       |       |    11 |       ||    11
  Use: Scroll            |     4 |     3 |     5 |    12 |     1 ||    25
       Potion            |     1 |       |       |     3 |     1 ||     5
 Stab: Paralysed         |       |       |       |     8 |       ||     8
       Distracted        |       |       |       |       |     1 ||     1
  Eat: Chunk             |       |     5 |       |       |       ||     5
       Ration            |       |       |     3 |     6 |     1 ||    10
Armor: Scale mail        |    34 |    66 |   101 |       |       ||   201
       Chain mail        |       |       |    13 |   244 |    46 ||   303
Dodge: Dodged            |    21 |    43 |    99 |   165 |    24 ||   352
Block: Shield            |    32 |   107 |   181 |   341 |    64 ||   725

Table legend:
 A = Spawn XP
 B = Non-spawn XP
 C = Spawn XP percentage of total XP
 D = Spawn monster count
 E = Non-spawn monster count
 F = Spawn count percentage of total count
 G = Total turns spent on level
                    A         B        C        D         E        F      G
               +---------+---------+-------+---------+---------+-------+---------
         Total |       0 |   38417 |   0.0 |       0 |     332 |   0.0 | 11189
               +---------+---------+-------+---------+---------+-------+---------
           D:1 |       0 |      44 |   0.0 |       0 |      19 |   0.0 |   742
           D:2 |       0 |     224 |   0.0 |       0 |      31 |   0.0 |   558
           D:3 |       0 |     198 |   0.0 |       0 |      20 |   0.0 |   649
           D:4 |       0 |     453 |   0.0 |       0 |       7 |   0.0 |   806
           D:5 |       0 |    1167 |   0.0 |       0 |      23 |   0.0 |   573
           D:6 |       0 |    1075 |   0.0 |       0 |      30 |   0.0 |   938
           D:7 |       0 |     962 |   0.0 |       0 |      16 |   0.0 |   840
           D:8 |       0 |    2558 |   0.0 |       0 |      35 |   0.0 |  1006
           D:9 |       0 |    2442 |   0.0 |       0 |      20 |   0.0 |   709
          D:10 |       0 |    6346 |   0.0 |       0 |      49 |   0.0 |   848
        Lair:1 |       0 |    3528 |   0.0 |       0 |      12 |   0.0 |   591
        Lair:2 |       0 |    5776 |   0.0 |       0 |      18 |   0.0 |   959
        Lair:3 |       0 |    3642 |   0.0 |       0 |      12 |   0.0 |   770
        Lair:4 |       0 |    7545 |   0.0 |       0 |      29 |   0.0 |  1140
        Lair:5 |       0 |    2457 |   0.0 |       0 |      11 |   0.0 |    60
               +---------+---------+-------+---------+---------+-------+---------
